 Dungeon Crawl Stone Soup version 0.31.0-9-g3a7656b989 (webtiles) character file.

Game seed: 3192212096754916033

553 Aneyh the Trooper (level 7, -18/47 HPs)
             Began as a Tengu Monk on Jan 25, 2024.
             Demolished by a two-headed ogre
             ... wielding a +0 giant spiked club
              (24 damage)
             ... on level 5 of the Dungeon.
             The game lasted 00:08:57 (3700 turns).

Aneyh the Trooper (Tengu Monk)                      Turns: 3700, Time: 00:08:58

Health: -18/47     AC: 10    Str: 12    XL:     7   Next: 29%
Magic:  8/8        EV: 17    Int: 12    God:
Gold:   168        SH:  0    Dex: 19    Spells: 6/6 levels left

rFire   + . .        a - +0 falchion
rCold   x . .        (no shield)
rNeg    . . .        w - +0 troll leather armour {Pargi}
rPois   +            (helmet restricted)
rElec   .            (no cloak)
rCorr   .            l - +2 pair of gloves
SInv    +            (boots unavailable)
Will    .....        v - amulet of regeneration
Stlth   +            g - +4 ring of protection
HPRegen 1.87/turn    x - ring "Tegismasm" {Fire rPois Dex+3 SInv}
MPRegen 0.11/turn

%: acrobat
@: flying
A: beak, talons 3, evasive flight, acrobatic
a: no special abilities


You were on level 5 of the Dungeon.
You visited 1 branch of the dungeon, and saw 5 of its levels.
You also visited: Sewer.

You collected 168 gold pieces.

Inventory:

Hand Weapons
 a - a +0 falchion (weapon)
 y - a +0 trident
 z - a +0 war axe
 A - a +1 morningstar of holy wrath
 C - a +0 sling
Missiles
 h - 13 poisoned darts (quivered)
Armour
 b - a +0 robe
 l - a +2 pair of gloves (worn)
 w - a +0 troll leather armour (worn) {Pargi}
Jewellery
 g - a +4 ring of protection (left hand)
 i - a +6 ring of strength
 m - the ring of Joy {rElec rPois rC- rN+}
   (You found it on level 2 of the Dungeon)

   [ring of positive energy]

   rC-:       It makes you vulnerable to cold.
   rElec:     It insulates you from electricity.
   rPois:     It protects you from poison rN+: It protects you from negative
   energy.
 v - an amulet of regeneration (around neck)
 x - the ring "Tegismasm" (right hand) {Fire rPois Dex+3 SInv}
   (You found it on level 3 of the Dungeon)

   [ring of fire]

   Fire:      It enhances your fire magic.
   Dex+3:     It affects your dexterity (+3).
   rF+:       It protects you from fire.
   rC-:       It makes you vulnerable to cold.
   rPois:     It protects you from poison SInv: It lets you see invisible.
 B - a ring of protection from cold
 G - an amulet of magic regeneration
Wands
 I - a wand of digging (9)
Scrolls
 e - a scroll of amnesia {unknown}
 f - 8 scrolls of identify {unknown}
 k - a scroll of torment {unknown}
 q - 3 scrolls of teleportation {unknown}
 s - a scroll of revelation {unknown}
 D - a scroll of enchant weapon {unknown}
 H - a scroll of immolation
Potions
 c - a potion of ambrosia
 d - a potion of degeneration {unknown}
 n - a potion of haste {unknown}
 o - a potion of resistance {unknown}
 p - 2 potions of curing {unknown}
 r - a potion of experience {unknown}
 t - a potion of cancellation {unknown}
 u - 3 potions of brilliance {unknown}
 E - 2 potions of heal wounds {unknown}
 F - a potion of might {unknown}


   Skills:
 + Level 6.7 Fighting
 - Level 5.0 Long Blades
 - Level 4.0 Dodging
 * Level 2.1 Summonings


You had 6 spell levels left.
You didn't know any spells.
Your spell library contained the following spells:

 Spells                   Type           Power      Damage    Failure   Level
 Cause Fear               Hex            0%         N/A       99%         4
 Fireball                 Conj/Fire      0%         3d3       100%        5
 Dragon's Call            Summ           2%         N/A       100%        9


Dungeon Overview and Level Annotations

Branches:
Dungeon (5/15)              Sewer (visited)
 Temple: D:4-7

Altars:
Cheibriados
Kikubaaqudgha
Ru

Shops:
D:4 *

Annotations:
D:4 3 runed translucent doors, middlethird's ghost, weakling VSCj


Innate Abilities, Weirdness & Mutations

You have a beak for a mouth.
You have claws for feet.
Your magical flight helps you evade attacks. (EV +4)
You can magically evade attacks while moving or waiting.


Message History

The phantom hits you but does no damage.
The hound barks!
You hit the phantom. Your kick misses the phantom.
You peck the phantom, but do no damage.
The phantom is heavily damaged.
The phantom barely misses you. The phantom closely misses you.
You slash the phantom!
The phantom is almost destroyed.
The two-headed ogre barely misses you.
The two-headed ogre hits you with a +0 giant club!
The phantom barely misses you.
You slash the phantom!
You destroy the phantom!
Your Summonings skill increases to level 2!
You completely miss the two-headed ogre.
The two-headed ogre hits you with a +0 giant spiked club!
The two-headed ogre closely misses you.
Unknown command.
Okay, then.
You hit the two-headed ogre but do no damage.
You claw the two-headed ogre.
You peck the two-headed ogre, but do no damage.
The two-headed ogre is lightly wounded.
The two-headed ogre barely misses you. The two-headed ogre misses you.
You closely miss the two-headed ogre. You claw the two-headed ogre.
You peck the two-headed ogre.
The two-headed ogre is lightly wounded.
You hit the two-headed ogre.
The two-headed ogre is moderately wounded.
The two-headed ogre completely misses you.
The two-headed ogre hits you with a +0 giant club!!
* * * LOW HITPOINT WARNING * * *
You completely miss the two-headed ogre.
You claw the two-headed ogre.
The two-headed ogre is moderately wounded.
The two-headed ogre hits you with a +0 giant spiked club!
* * * LOW HITPOINT WARNING * * *
The two-headed ogre hits you with a +0 giant club!!
Ouch! That really hurt!
You die...

### #.. #.# #
####.#####..##.
#......@Oh.....
#.##.#####..###
###.##.#####..#
#.............
#.#.##.##.....
# #.##.# ....
#..#.# ... #
##.#.# ..
#.##.#.# .


You could see a two-headed ogre and a hound.

Vanquished Creatures
  Pargi (Sewer)
  A phantom (D:5)
  A scorpion (D:3)
  2 hounds (D:4)
  Natasha (twice) (D:2)
  3 orc wizards (D:4)
  3 adders
  2 dart slugs (D:2)
  3 ribbon worms
  15 orcs
  7 ball pythons
  4 endoplasms
  5 giant cockroaches
  8 goblins
  6 hobgoblins
  9 jackals
  6 kobolds
  2 quokkas
  3 bats
  9 frilled lizards
  4 rats
96 creatures vanquished.

Notes
Turn   | Place    | Note
-------+----------+-------------------------------------------
     0 | D:1      | Aneyh the Tengu Monk began the quest for the Orb.
     0 | D:1      | Reached XP level 1. HP: 14/14 MP: 2/2
   160 | D:1      | Reached XP level 2. HP: 19/19 MP: 3/3
   878 | D:2      | Identified the ring of Joy {rElec rPois rC- rN+}
   950 | D:2      | Noticed Natasha
   958 | D:2      | Killed Natasha
   959 | D:2      | Reached skill level 5 in Long Blades
   959 | D:2      | Reached XP level 3. HP: 16/23 MP: 4/4
  1083 | D:2      | Reached XP level 4. HP: 8/28 MP: 5/5
  1328 | D:2      | Noticed Natasha
  1335 | D:2      | Killed Natasha
  1522 | D:2      | Found a faded altar of an unknown god.
  2053 | D:3      | Reached XP level 5. HP: 33/33 MP: 6/6
  2209 | D:3      | Identified the ring "Tegismasm" {Fire rPois Dex+3 SInv}
  2286 | D:3      | Reached skill level 4 in Fighting
  2724 | D:4      | Reached skill level 5 in Fighting
  2724 | D:4      | Reached XP level 6. HP: 40/40 MP: 7/7
  2731 | D:4      | Found Vuics's Fire Supplies.
  2921 | D:4      | Found a snail-covered altar of Cheibriados.
  2944 | D:4      | Found an ancient bone altar of Kikubaaqudgha.
  3027 | D:4      | Identified the +1 ring mail "Zoiloagi" {rPois MP+9}
  3028 | D:4      | Found a runed translucent gate.
  3028 | D:4      | Noticed middlethird's ghost (weakling VSCj)
  3028 | D:4      | Identified the +8 plate armour of Jigsaw {rPois rC++ rN+++
                  | Str-5}
  3028 | D:4      | Noticed an orc warrior
  3029 | D:4      | Found a runed translucent gate.
  3030 | D:4      | Found a runed translucent gate.
  3095 | D:4      | Found a sacrificial altar of Ru.
  3120 | D:4      | Reached skill level 6 in Fighting
  3157 | D:4      | Found a glowing drain.
  3172 | Sewer    | Entered a sewer
  3250 | Sewer    | Noticed Pargi
  3264 | Sewer    | Killed Pargi
  3265 | Sewer    | Reached skill level 1 in Summonings
  3265 | Sewer    | Gained mutation: Your magical flight helps you evade
                  | attacks. (EV +4) [Tengu growth]
  3265 | Sewer    | Reached XP level 7. HP: 47/47 MP: 8/8
  3629 | D:5      | Entered Level 5 of the Dungeon
  3686 | D:5      | Noticed a two-headed ogre
  3700 | D:5      | Demolished by a two-headed ogre

Illustrated notes

Levels and vault maps discovered:
D:1:      dpeg_arrival_pits, layout_loops_ring
D:2:      layout_basic, dreamdust_ecumenical_altar_hidden_monk_grotto,
          minmay_ruptured, uniq_natasha
D:3:      layout_basic, wad_orctagon
D:4:      layout_loops_ring, kennysheep_mini, nicolae_ru_awakened_eye,
          mainiacjoe_overflow_surrounded_room, biasface_ghost_orc_armoury,
          cheibrodos_sewer_entry_sluice, nicolae_shop_fire_sale
          [nicolae_sub_dead_trees], hex_medium
D:5:      layout_loops_cross, minmay_temple_entry_grid

Skill      XL: |  1  2  3  4  5  6  7 |
---------------+----------------------+-----
Long Blades    | 5 |  5.0
Dodging        | 4 |  4.0
Fighting       | 5 6 |  6.7
Summonings     | 1 2 |  2.1

Action                     |  1- 3 |  4- 6 |  7- 9 || total
---------------------------+-------+-------+-------++-------
  Melee: Falchion          |    54 |   161 |    25 ||   240
         Kick              |    10 |    35 |     8 ||    53
         Peck              |     8 |    29 |     5 ||    42
  Throw: Dart              |       |     7 |       ||     7
    Use: Scroll            |       |     4 |       ||     4
   Stab: Sleeping          |     4 |     1 |       ||     5
 Armour: Robe              |     8 |       |       ||     8
         Leather armour    |    22 |    99 |       ||   121
         Troll leather arm |       |       |    13 ||    13
  Dodge: Dodged            |    24 |   138 |    15 ||   177
